 Dungeon Crawl Stone Soup version 0.19.1 (webtiles) character file.

44 M4edhros the Sneak (level 3, -4/23 HPs)
             Began as an Octopode Artificer on Dec 27, 2016.
             Killed by divine providence
             ... invoked by an orc priest
              (12 damage)
             ... on level 3 of the Dungeon.
             The game lasted 00:01:47 (1187 turns).

M4edhros the Sneak (Octopode Artificer)             Turns: 1187, Time: 00:01:48

Health: -4/23      AC:  1    Str: 11    XL:     3   Next: 62%
Magic:  5/5        EV: 13    Int: 13    God:
Gold:   44         SH:  0    Dex: 13    Spells: 0 memorised, 2 levels left

rFire  . . .     SeeInvis .     a - +0 short sword
rCold  . . .     Gourm    .     (no shield)
rNeg   . . .     Faith    .     (helmet restricted)
rPois  .         Spirit   .     (no amulet)
rElec  .         Reflect  .     (no ring)
rCorr  .         Harm     .     (no ring)
MR     .....                    (no ring)
Stlth  ++++......               (no ring)
                                (no ring)
                                (no ring)
                                (no ring)
                                (no ring)

@: no status effects
A: almost no armour, stealthy swim, amphibious, 8 rings, constrict 8, camouflage
1, gelatinous body 1
a: no special abilities


You were on level 3 of the Dungeon.
You were not hungry.

You visited 1 branch of the dungeon, and saw 3 of its levels.

You collected 44 gold pieces.

Inventory:

Hand Weapons
 a - a +0 short sword (weapon)
Wands
 b - a wand of flame (15/48)
 c - a wand of enslavement (15/24)
 d - a wand of random effects (15/48)
Scrolls
 e - a scroll of teleportation {unknown}
 h - a scroll of fear {unknown}
 i - a scroll of magic mapping {unknown}
 k - a scroll of identify {unknown}
Potions
 l - a potion of invisibility {unknown}
 m - a potion of heal wounds {unknown}
 o - 2 potions of lignification {unknown}
Comestibles
 f - a bread ration
 n - a chunk of flesh


   Skills:
 - Level 1.0 Fighting
 - Level 1.0 Short Blades
 - Level 2.0 Dodging
 + Level 4.9 Stealth
 - Level 3.2 Evocations


You had 2 spell levels left.
You didn't know any spells.

Dungeon Overview and Level Annotations

Branches:
Dungeon (3/15)

Altars:


Innate Abilities, Weirdness & Mutations

You cannot wear most types of armour.
You are very stealthy in the water. (Stealth+)
You are amphibious.
You can wear up to eight rings at the same time.
You can use your tentacles to constrict eight enemies at once.
Your skin changes colour to match your surroundings (Stealth+).
Your rubbery body absorbs attacks. (AC +1, EV +1)


Message History

You constrict the orc, but do no damage.
The orc closely misses you.
The orc priest miscasts a cantrip.
You hit the orc. You squeeze the orc.
The orc is almost dead.
You constrict the orc.
You kill the orc!
You hit the orc priest. You grab the orc priest.
The orc priest is lightly wounded.
You constrict the orc priest, but do no damage.
The orc priest hits you with a mace.
An orc priest comes into view. It is wielding a whip.
The orc priest invokes the aid of Beogh against you.
Beogh smites you!
It was a potion of cure mutation.
It has a very clean taste.
You constrict the orc priest, but do no damage.
The orc priest mumbles some strange prayers to Beogh against you.
Beogh smites you!
Ouch! That really hurt!
You die...

### #.# #.. #.#
#.# #.# #.####
#@#.. #o#.# ##
####.#o#.#..##..
........o.o......
#####.#.####o####
...... ###.#..
....... ### ###.


You could see 2 orc priests and an orc.

Vanquished Creatures
  A worm (D:1)
  3 dart slugs
  2 orcs (D:3)
  A giant cockroach (D:3)
  3 goblins (D:1)
  4 hobgoblins (D:1)
  2 jackals (D:1)
  3 kobolds
  6 bats
  A frilled lizard (D:1)
  8 rats
34 creatures vanquished.

Notes
Turn   | Place    | Note
-------+----------+-------------------------------------------
     0 | D:1      | M4edhros the Octopode Artificer began the quest for the Orb.
     0 | D:1      | Reached XP level 1. HP: 13/13 MP: 3/3
   123 | D:1      | Reached skill level 2 in Stealth
   210 | D:1      | Reached XP level 2. HP: 11/18 MP: 4/4
   335 | D:1      | Reached skill level 3 in Stealth
   638 | D:1      | Reached skill level 4 in Stealth
   641 | D:1      | Reached XP level 3. HP: 13/23 MP: 5/5
  1187 | D:3      | Killed from afar by an orc priest

Skill      XL: |  1  2 |
---------------+-------+-----
Stealth        | 2 4 |  4.9
Fighting       | |  1.0
Short Blades   | |  1.0
Dodging        | |  2.0
Evocations     | |  3.2

Action                   || total
-------------------------++-------
Melee: Short sword       ||    65
       Constrict         ||    16
       Tentacles         ||     9
  Use: Potion            ||     2
 Stab: Sleeping          ||    12
  Eat: Chunk             ||     1
Armor: Skin              ||     5
Dodge: Dodged            ||    32
